TOP OF THE 1ST |
Bemidji Benders batting - Pitching for Manhatten Meatheads : RHP Tom Cunningham
|
Pitching: RHP Tom Cunningham
|
|
Batting: LHB Simão Polido
|
0-0: Ball 1-0: Ball 2-0: Called Strike 2-1: SOLO HOME RUN (Flyball, 9D), Distance : 340 ft
|
Batting: RHB Sandro Hernández
|
0-0: Called Strike 0-1: Foul Ball, location: 2F 0-2: Ball 1-2: Ball 2-2: Ball 3-2: Strikes out looking
|
Batting: SHB Gary Williams
|
0-0: Foul Ball, location: 2F 0-1: Ball 1-1: Fly out, F9 (Flyball, 9LS)
|
Batting: SHB Jorge Aguilar
|
0-0: Called Strike 0-1: Ground out 4-3 (Groundball, 34)
|
Top of the 1st over - 1 run(s), 1 hit(s), 0 error(s), 0 left on base; Bemidji 1 - Manhatten 0 |
BOTTOM OF THE 1ST |
Manhatten Meatheads batting - Pitching for Bemidji Benders : LHP José Travez
|
Pitching: LHP José Travez
|
|
Batting: SHB Cornell Payne
|
0-0: Foul Ball, location: 2F 0-1: Ball 1-1: Fly out, F6 (Line Drive, 56)
|
Batting: RHB Adrián López
|
0-0: Ball 1-0: Foul Ball, location: 2F 1-1: Ball 2-1: SINGLE (Line Drive, 7LS)
|
Batting: RHB Denver Baker
|
0-0: Foul Ball, location: 2F 0-1: Swinging Strike 0-2: Ball 1-2: Foul Ball, location: 2F 1-2: Foul Ball, location: 2F 1-2: Foul Ball, location: 2F 1-2: Foul Ball, location: 2F 1-2: Fly out, F9 (Flyball, 9LS)
|
Batting: LHB Robbie Turner
|
0-0: Foul Ball, location: 2F 0-1: Ball 1-1: Foul Ball, location: 2F 1-2: Ball 2-2: Ground out 1-3 (Groundball, 15)
|
Bottom of the 1st over - 0 run(s), 1 hit(s), 0 error(s), 1 left on base; Bemidji 1 - Manhatten 0 |
TOP OF THE 2ND |
Bemidji Benders batting - Pitching for Manhatten Meatheads : RHP Tom Cunningham
|
Batting: LHB Pat Carroll
|
0-0: Ball 1-0: Ball 2-0: Ball 3-0: Called Strike 3-1: Called Strike 3-2: Base on Balls
|
Batting: RHB Mario Barker
|
0-0: Foul Ball, location: 2F 0-1: Ground out 5-3 (Groundball, 56S) Pat Carroll to second
|
Batting: RHB Luis Samaripa
|
0-0: Called Strike 0-1: Called Strike 0-2: Ball 1-2: Foul Ball, location: 2F 1-2: Ball 2-2: Ball 3-2: Strikes out swinging
|
Batting: RHB John Jones
|
0-0: Ball 1-0: Ground out 5-3 (Groundball, 56S)
|
Top of the 2nd over - 0 run(s), 0 hit(s), 0 error(s), 1 left on base; Bemidji 1 - Manhatten 0 |
BOTTOM OF THE 2ND |
Manhatten Meatheads batting - Pitching for Bemidji Benders : LHP José Travez
|
Batting: RHB Ramiro Santana
|
0-0: Swinging Strike 0-1: Foul Ball, location: 2F 0-2: Strikes out swinging
|
Batting: LHB Miguel Pérez
|
0-0: Called Strike 0-1: Ball 1-1: Foul Ball, location: 2F 1-2: Ground out 4-3 (Groundball, 4)
|
Batting: LHB Hidalgo García
|
0-0: Swinging Strike 0-1: Swinging Strike 0-2: Strikes out swinging
|
Bottom of the 2nd over - 0 run(s), 0 hit(s), 0 error(s), 0 left on base; Bemidji 1 - Manhatten 0 |
TOP OF THE 3RD |
Bemidji Benders batting - Pitching for Manhatten Meatheads : RHP Tom Cunningham
|
Batting: RHB Phil Moore
|
0-0: Ball 1-0: Ball 2-0: Foul Ball, location: 2F 2-1: Fly out, F9 (Flyball, 9)
|
Batting: LHB Simão Polido
|
0-0: Called Strike 0-1: SOLO HOME RUN (Flyball, 9LD), Distance : 322 ft
|
Batting: RHB Sandro Hernández
|
0-0: Ball 1-0: Called Strike 1-1: Swinging Strike 1-2: Ball 2-2: Strikes out looking
|
Batting: SHB Gary Williams
|
0-0: Ball 1-0: Ground out 4-3 (Groundball, 4M)
|
Top of the 3rd over - 1 run(s), 1 hit(s), 0 error(s), 0 left on base; Bemidji 2 - Manhatten 0 |
BOTTOM OF THE 3RD |
Manhatten Meatheads batting - Pitching for Bemidji Benders : LHP José Travez
|
Batting: RHB Ismael Hidalgo
|
0-0: SINGLE (Groundball, 6MD)
|
Batting: SHB António Ramírez
|
0-0: Fly out, F8 (Flyball, 78M)
|
Batting: SHB Cornell Payne
|
0-0: Ball 1-0: Swinging Strike 1-1: Swinging Strike 1-2: Ball 2-2: Ball 3-2: Base on Balls Ismael Hidalgo to second
|
Batting: RHB Adrián López
|
0-0: Ball 1-0: Grounds into double play, 6-4-3 (Groundball, 6)
|
Bottom of the 3rd over - 0 run(s), 1 hit(s), 0 error(s), 1 left on base; Bemidji 2 - Manhatten 0 |
TOP OF THE 4TH |
Bemidji Benders batting - Pitching for Manhatten Meatheads : RHP Tom Cunningham
|
Batting: SHB Jorge Aguilar
|
0-0: Called Strike 0-1: Ball 1-1: Ball 2-1: Ball 3-1: Base on Balls
|
Batting: LHB Pat Carroll
|
0-0: Ball 1-0: Ball 2-0: Called Strike 2-1: Foul Ball, location: 2F 2-2: Ball 3-2: Strikes out swinging Jorge Aguilar steals 2nd base Batter strikes out.
|
Batting: RHB Mario Barker
|
0-0: Called Strike 0-1: Ball 1-1: Ball 2-1: Ball 3-1: Foul Ball, location: 2F 3-2: Base on Balls
|
Batting: RHB Luis Samaripa
|
0-0: Called Strike 0-1: Fielders Choice at 2nd, 6-4 (Groundball, 6) Jorge Aguilar to third
|
Batting: RHB John Jones
|
0-0: Ball 1-0: Ball Pickoff Throw to First - Error! E1 Jorge Aguilar scores Luis Samaripa to second 2-0: Ground out 4-3 (Groundball, 4)
|
Top of the 4th over - 1 run(s), 0 hit(s), 1 error(s), 1 left on base; Bemidji 3 - Manhatten 0 |
BOTTOM OF THE 4TH |
Manhatten Meatheads batting - Pitching for Bemidji Benders : LHP José Travez
|
Batting: RHB Denver Baker
|
0-0: Fly out, F7 (Flyball, 78XD)
|
Batting: LHB Robbie Turner
|
0-0: DOUBLE (Line Drive, 89M)
|
Batting: RHB Ramiro Santana
|
0-0: SINGLE (Line Drive, 4D) Robbie Turner to third Runner from 3rd tries for Home, SAFE, no throw
|
Batting: LHB Miguel Pérez
|
0-0: Ball Ramiro Santana is caught stealing 2nd base 1-0: Swinging Strike 1-1: Ball 2-1: SINGLE (Groundball, 6D)
|
Batting: LHB Hidalgo García
|
0-0: Called Strike 0-1: Foul Ball, location: 2F 0-2: Ball 1-2: Foul Ball, location: 2F 1-2: Ball 2-2: Ball 3-2: Base on Balls Miguel Pérez to second
|
Batting: RHB Ismael Hidalgo
|
0-0: DOUBLE (Flyball, 78D) Miguel Pérez scores Hidalgo García to third
|
Batting: SHB António Ramírez
|
0-0: Called Strike 0-1: Swinging Strike 0-2: Ball 1-2: Strikes out swinging
|
Bottom of the 4th over - 2 run(s), 4 hit(s), 0 error(s), 2 left on base; Bemidji 3 - Manhatten 2 |
TOP OF THE 5TH |
Bemidji Benders batting - Pitching for Manhatten Meatheads : RHP Tom Cunningham
|
Batting: RHB Phil Moore
|
0-0: Ball 1-0: Foul Ball, location: 2F 1-1: Foul Ball, location: 2F 1-2: Ground out 4-3 (Groundball, 4S)
|
Batting: LHB Simão Polido
|
0-0: Ball 1-0: Ball 2-0: Ball 3-0: Base on Balls
|
Batting: RHB Sandro Hernández
|
0-0: Ground out 6-3 (Groundball, 6M) Simão Polido to second
|
Batting: SHB Gary Williams
|
0-0: Foul Ball, location: 2F 0-1: Swinging Strike 0-2: Ball 1-2: Strikes out looking
|
Top of the 5th over - 0 run(s), 0 hit(s), 0 error(s), 1 left on base; Bemidji 3 - Manhatten 2 |
BOTTOM OF THE 5TH |
Manhatten Meatheads batting - Pitching for Bemidji Benders : LHP José Travez
|
Batting: SHB Cornell Payne
|
0-0: Ball 1-0: Ball 2-0: Reached on error, E7 (Flyball, 78S)
|
Batting: RHB Adrián López
|
0-0: Ball 1-0: Ball 2-0: Ground out 4-3 (Groundball, 34) Cornell Payne to second
|
Batting: RHB Denver Baker
|
0-0: Ball Cornell Payne is caught stealing 3rd base 1-0: Called Strike 1-1: Swinging Strike 1-2: SINGLE (Groundball, 34D)
|
Batting: LHB Robbie Turner
|
0-0: Ball 1-0: Ball Wild Pitch! Denver Baker to second 2-0: Called Strike 2-1: Ball 3-1: Fly out, F7 (Flyball, 7S)
|
Bottom of the 5th over - 0 run(s), 1 hit(s), 1 error(s), 1 left on base; Bemidji 3 - Manhatten 2 |
TOP OF THE 6TH |
Bemidji Benders batting - Pitching for Manhatten Meatheads : RHP Tom Cunningham
|
Batting: SHB Jorge Aguilar
|
0-0: Ball 1-0: Ground out 4-3 (Groundball, 4)
|
Batting: LHB Pat Carroll
|
0-0: Ball 1-0: Ball 2-0: Foul Ball, location: 2F 2-1: Fly out, F9 (Flyball, 9LS)
|
Batting: RHB Mario Barker
|
0-0: Single, Error in OF, E8, batter to second base
|
Pitching: LHP Miguel Angel Meléndez
|
|
Batting: RHB Luis Samaripa
|
0-0: Ground out 5-3 (Groundball, 56)
|
Top of the 6th over - 0 run(s), 1 hit(s), 1 error(s), 1 left on base; Bemidji 3 - Manhatten 2 |
BOTTOM OF THE 6TH |
Manhatten Meatheads batting - Pitching for Bemidji Benders : LHP José Travez
|
Batting: RHB Ramiro Santana
|
0-0: Ball 1-0: Ball 2-0: SINGLE (Groundball, 56D)
|
Batting: LHB Miguel Pérez
|
0-0: Called Strike 0-1: Swinging Strike 0-2: Ball Wild Pitch! Ramiro Santana to second 1-2: Foul Ball, location: 2F 1-2: SINGLE (Groundball, 6D) Ramiro Santana to third Runner from 3rd tries for Home, SAFE, no throw
|
Batting: LHB Hidalgo García
|
0-0: Called Strike 0-1: Ball 1-1: Ball 2-1: Ball 3-1: Swinging Strike 3-2: Foul Ball, location: 2F 3-2: Ground out U3 (Groundball, 3L) Miguel Pérez to second
|
Pitching: RHP Sergio Hernández
|
|
Batting: RHB Ismael Hidalgo
|
0-0: Ball 1-0: Called Strike 1-1: Ground out 6-3 (Groundball, 56D)
|
Batting: SHB António Ramírez
|
0-0: SINGLE (Flyball, 8LS) Miguel Pérez to third Runner from 3rd tries for Home, SAFE, throw made home António Ramírez to second
|
Batting: SHB Cornell Payne
|
0-0: Ball 1-0: Fly out, F8 (Flyball, 8LM)
|
Bottom of the 6th over - 2 run(s), 3 hit(s), 0 error(s), 1 left on base; Bemidji 3 - Manhatten 4 |
TOP OF THE 7TH |
Bemidji Benders batting - Pitching for Manhatten Meatheads : LHP Miguel Angel Meléndez
|
Batting: RHB John Jones
|
0-0: Foul Ball, location: 2F 0-1: Ball 1-1: Fly out, F9 (Line Drive, 9)
|
Batting: RHB Phil Moore
|
0-0: Ball 1-0: Ball 2-0: Ball 3-0: Base on Balls
|
Pinch Hitting: RHB Taylor Justice
|
0-0: Ball 1-0: Fly out, F9 (Flyball, 89M)
|
Batting: RHB Sandro Hernández
|
0-0: Fielders Choice at 2nd, 6-4 (Groundball, 6)
|
Top of the 7th over - 0 run(s), 0 hit(s), 0 error(s), 0 left on base; Bemidji 3 - Manhatten 4 |
BOTTOM OF THE 7TH |
Manhatten Meatheads batting - Pitching for Bemidji Benders : RHP Sergio Hernández
|
Now in RF: Carlos González
|
|
Batting: RHB Adrián López
|
0-0: Ball 1-0: Ball 2-0: Foul Ball, location: 2F 2-1: Fly out, F7 (Line Drive, 7)
|
Batting: RHB Denver Baker
|
0-0: Ball 1-0: Ball 2-0: Foul Ball, location: 2F 2-1: Called Strike 2-2: Strikes out swinging
|
Batting: LHB Robbie Turner
|
0-0: Ball 1-0: Ball 2-0: Ball 3-0: Swinging Strike 3-1: Foul Ball, location: 2F 3-2: Foul Ball, location: 2F 3-2: Ground out 5-3 (Groundball, 56S)
|
Bottom of the 7th over - 0 run(s), 0 hit(s), 0 error(s), 0 left on base; Bemidji 3 - Manhatten 4 |
TOP OF THE 8TH |
Bemidji Benders batting - Pitching for Manhatten Meatheads : LHP Miguel Angel Meléndez
|
Pitching: RHP Jesús Cantú
|
|
Batting: SHB Gary Williams
|
0-0: Swinging Strike 0-1: Swinging Strike 0-2: SINGLE (Groundball, 34D)
|
Pinch Hitting: LHB Ramón Juárez
|
0-0: Called Strike 0-1: Ball 1-1: Ground out 5-3 (Groundball, 56S) Gary Williams to second
|
Pitching: LHP Anthony Robinson
|
|
Pinch Hitting: RHB Greg Carpenter
|
0-0: Ball 1-0: Ball 2-0: Ball 3-0: Called Strike 3-1: Base on Balls
|
Pitching: LHP Pedro Cruz
|
|
Pinch Hitting: RHB Roberto Villela
|
0-0: Ball 1-0: Fly out, F7 (Flyball, 7)
|
Pitching: RHP Juan García
|
|
Pinch Hitting: RHB Pedro López
|
0-0: Ball 1-0: Foul Ball, location: 2F 1-1: Called Strike 1-2: Strikes out looking
|
Top of the 8th over - 0 run(s), 1 hit(s), 0 error(s), 2 left on base; Bemidji 3 - Manhatten 4 |
BOTTOM OF THE 8TH |
Manhatten Meatheads batting - Pitching for Bemidji Benders : RHP Sergio Hernández
|
Now at 1B: Pedro López
|
|
Now at 2B: Robert Rose
|
|
Now in LF: Roberto Villela
|
|
Now in RF: Greg Carpenter
|
|
Batting: RHB Ramiro Santana
|
0-0: Swinging Strike 0-1: Ball 1-1: Swinging Strike 1-2: Foul Ball, location: 2F 1-2: Foul Ball, location: 2F 1-2: SOLO HOME RUN (Flyball, 7LD), Distance : 357 ft
|
Batting: LHB Miguel Pérez
|
0-0: Foul Ball, location: 2F 0-1: Swinging Strike 0-2: Strikes out swinging
|
Batting: LHB Hidalgo García
|
0-0: Called Strike 0-1: Swinging Strike 0-2: Ball 1-2: Strikes out looking
|
Batting: RHB Ismael Hidalgo
|
0-0: Ground out 5-3 (Groundball, 56)
|
Bottom of the 8th over - 1 run(s), 1 hit(s), 0 error(s), 0 left on base; Bemidji 3 - Manhatten 5 |
TOP OF THE 9TH |
Bemidji Benders batting - Pitching for Manhatten Meatheads : RHP Juan García
|
Pitching: RHP Ángel Antonio
|
|
Batting: RHB John Jones
|
0-0: Called Strike 0-1: DOUBLE (Flyball, 89D)
|
Pinch Hitting: SHB Frank Grant
|
0-0: Ball 1-0: Foul Ball, location: 2F 1-1: Foul Ball, location: 2F 1-2: Strikes out swinging, 2-3 out at first.
|
Pinch Hitting: RHB Javier Hernández
|
0-0: Called Strike 0-1: Ball 1-1: Ball 2-1: Called Strike 2-2: Foul Ball, location: 2F 2-2: Strikes out swinging
|
Batting: RHB Sandro Hernández
|
0-0: Foul Ball, location: 2F 0-1: Ball 1-1: Ball 2-1: Ground out 1-3 (Groundball, P)
|
Top of the 9th over - 0 run(s), 1 hit(s), 0 error(s), 1 left on base; Bemidji 3 - Manhatten 5 |
|